 Dungeon Crawl Stone Soup version 0.31-a0-1-g4198be8af4 (webtiles) character file.

Game seed: 12126241329671844095

157087 Jeffwins the Markshuman (level 18, -14/123 HPs)
             Began as a Human Wanderer on Apr 30, 2023.
             Was the Champion of Vehumet.
             Killed from afar by an Ice Fiend (18 damage)
             ... with a bolt of cold
             ... in an ice cave.
             The game lasted 01:00:31 (24129 turns).

Jeffwins the Markshuman (Human Wanderer)           Turns: 24129, Time: 01:00:32

Health: -14/123    AC: 13    Str: 13    XL:     18   Next: 31%
Magic:  32/32      EV: 20    Int: 17    God:    Vehumet [******]
Gold:   973        SH:  5    Dex: 30    Spells: 10/37 levels left

rFire   x . .        a - +8 longbow "Zephyr" {speed, Dex+3 SInv}
rCold   + . .        (shield currently unavailable)
rNeg    + . .        H - +3 ring mail of the Depths {Regen+}
rPois   .            v - +2 helmet {Int+3}
rElec   +            m - scarf of Fierug {harm, rElec rN+ Dex+2}
rCorr   .            L - +0 pair of gloves
SInv    +            J - +0 pair of boots
Will    +....        s - amulet of reflection
Stlth   +++++        C - ring of ice
HPRegen 1.20/turn    X - +6 ring of dexterity
MPRegen 0.23/turn

%: harm (+30% outgoing, +20% incoming), reflection
@: about to teleport
A: no striking features
a: Renounce Religion


You were in an ice cave.
You worshipped Vehumet.
Vehumet was exalted by your worship.
You visited 7 branches of the dungeon, and saw 29 of its levels.
You also visited: Ossuary, Bailey, Ice Cave and Volcano.

You collected 2456 gold pieces.
You spent 1483 gold pieces at shops.


   Skills:
 + Level 6.0 Fighting
 * Level 16.6 Ranged Weapons
 - Level 6.0 Throwing
 - Level 2.0 Armour
 - Level 10.0 Dodging
 - Level 10.0 Stealth
 - Level 4.0 Shields
 + Level 10.1 Spellcasting
 * Level 1.3 Conjurations
 + Level 6.1 Hexes
 + Level 6.1 Translocations
 + Level 10.5 Transmutations
 * Level 7.3 Fire Magic
 * Level 5.7 Ice Magic
 * Level 7.3 Air Magic
 + Level 7.5 Evocations


You had 10 spell levels left.
You knew the following spells:

 Your Spells              Type           Power      Damage    Failure   Level
c - Ozocubu's Refrigerat  Ice            21%        4d12      96%         7
e - Portal Projectile     Hex/Tloc       58%        N/A       4%          3
f - Freezing Cloud        Conj/Ice/Air   18%        6-21      17%         5
o - Olgreb's Toxic Radia  Pois           8%         N/A       41%         4
x - Wereblood             Tmut           44%        N/A       1%          2
X - Plasma Beam           Fire/Air       16%        2x1d30    32%         6

Your spell library contained the following spells:

 Spells                   Type           Power      Damage    Failure   Level
 Beastly Appendage        Tmut           88%        N/A       1%          1
 Frozen Ramparts          Ice            84%        1d13      1%          3
 Inner Flame              Hex/Fire       31%        N/A       1%          3
 Vhi's Electric Charge    Tloc/Air       62%        N/A       3%          3
 Gell's Gravitas          Tloc           29%        N/A       4%          3
 Ozocubu's Armour         Ice            42%        N/A       4%          3
 Teleport Other           Tloc           29%        N/A       4%          3
 Tukima's Dance           Hex            29%        N/A       4%          3
 Yara's Violent Unravell  Hex/Tmut       18%        3d9       4%          5
 Spider Form              Tmut/Pois      26%        N/A       6%          3
 Ice Form                 Ice/Tmut       53%        N/A       6%          4
 Blade Hands              Tmut           22%        N/A       7%          5
 Cause Fear               Hex            14%        N/A       14%         4
 Passage of Golubria      Tloc           29%        N/A       14%         4
 Summon Guardian Golem    Hex/Summ       19%        N/A       16%         3
 Summon Small Mammal      Summ           32%        N/A       19%         1
 Arcjolt                  Conj/Air       11%        1d21      21%         5
 Silence                  Hex/Air        15%        N/A       30%         5
 Summon Lightning Spire   Summ/Air       21%        N/A       36%         4
 Metabolic Englaciation   Hex/Ice        21%        N/A       38%         5
 Anguish                  Hex/Necr       9%         N/A       45%         4
 Call Canine Familiar     Summ           8%         N/A       47%         3
 Summon Ice Beast         Ice/Summ       27%        N/A       47%         4
 Dispersal                Tloc           14%        N/A       92%         6
 Storm Form               Tmut/Air       19%        N/A       98%         7
 Simulacrum               Ice/Necr       13%        N/A       100%        6
 Enfeeble                 Hex            14%        N/A       100%        7
 Lehudib's Crystal Spear  Conj/Erth      5%         10d3      100%        8
 Maxwell's Capacitive Co  Air            16%        ∞         100%        8

Inventory:

Hand Weapons
 a - the +8 longbow "Zephyr" (weapon) {speed, Dex+3 SInv}
   (You acquired it on level 2 of the Lair of Beasts)

   Dex:       It affects your dexterity (+3).
   SInv:      It lets you see invisible.
 b - a +6 triple crossbow of freezing
Missiles
 O - 26 poisoned darts
 T - 9 datura-tipped darts
 W - a curare-tipped dart {=f}
Armour
 f - a +1 cloak of fire resistance
 m - the scarf of Fierug (worn) {harm, rElec rN+ Dex+2}
   (You acquired it on level 4 of the Dungeon)

   Dex:       It affects your dexterity (+2).
   rElec:     It insulates you from electricity.
   rN:        It protects you from negative energy.
 v - a +2 helmet of intelligence (worn)
 H - the +3 ring mail of the Depths (worn) {Regen+}
   (You bought it in a shop on level 2 of the Orcish Mines)

   Regen:     It increases your rate of health regeneration.
 J - a +0 pair of boots (worn)
 L - a +0 pair of gloves (worn)
Jewellery
 e - a ring of willpower
 s - an amulet of reflection (around neck)
 x - a +6 ring of dexterity
 C - a ring of ice (left hand)
 F - a ring of protection from fire
 X - a +6 ring of dexterity (right hand)
Wands
 j - a wand of mindburst (13)
 M - a wand of digging (2)
 Q - a wand of flame (7)
 S - a wand of paralysis (3)
 V - a wand of polymorph (12)
 Z - a wand of acid (1)
Scrolls
 c - a scroll of blinking
 h - 6 scrolls of fog
 i - 2 scrolls of immolation {!r}
 n - 3 scrolls of magic mapping
 p - a scroll of poison {!r}
 q - 3 scrolls of teleportation {@r4}
 y - 6 scrolls of amnesia
 E - 5 scrolls of silence {!r}
 K - 2 scrolls of butterflies
 U - 4 scrolls of enchant armour
Potions
 d - 2 potions of ambrosia {unknown}
 g - 11 potions of curing {@q1}
 k - 5 potions of magic
 l - 9 potions of brilliance
 o - a potion of haste {@q3}
 r - 4 potions of invisibility
 t - 2 potions of heal wounds {@q2}
 u - 6 potions of resistance
 A - 7 potions of cancellation {unknown}
 D - 5 potions of flight
 G - 9 potions of might
 I - 4 potions of mutation {!q}
 P - a potion of berserk rage {!q}
Miscellaneous
 B - a lightning rod (4/4)
 N - a phial of floods

Dungeon Overview and Level Annotations

Branches:
Dungeon (15/15)            Temple (1/1) D:5            Lair (5/5) D:8
 Shoals (2/4) Lair:3       Spider (0/4) Lair:3        Slime (0/5) Lair:5
    Orc (2/2) D:9             Elf (1/3) Orc:2        Vaults (0/5) D:14
 Depths (3/4) D:15        Ossuary (visited)          Bailey (visited)
  IceCv (1/1)             Volcano (visited)

Altars:
Ashenzari
Cheibriados
Dithmenos
Elyvilon
Fedhas
Gozag
Hepliaklqana
Kikubaaqudgha
Makhleb
Nemelex Xobeh
Okawaru
Qazlal
Ru
Sif Muna
Trog
Uskayaw
Vehumet
Wu Jian
Xom
Yredelemnul
Zin
The Shining One
Jiyva

Shops:
D:3 *   D:7 :   D:14 :   Orc:1 (   Orc:2 [*(*

Portals:
Hell: Lair:5

Annotations:
D:9 Erolcha
Shoals:1 1 transporter, Coelen's ghost, journeyman MeWn

▒.▒.'.......'.▒
▒'▒▒▒▒▒▒+▒▒▒▒▒▒
▒............
▒▒▒▒8.▒▒▒▒▒.
▒▒.▒?.=▒
▒.▒.⌠?▒ ▒.▒!1)▒
▒ ▒.▒▒1▒▒.▒
▒..@....▒
▒▒▒▒⌠▒▒▒▒ ▒▒▒


You could see 2 Ice Fiends.


Message History

You now have 973 gold pieces (gained 26).
There is an open door here.
There is an open door here.
You open the door.
There is an open door here.
There is a dry fountain here.
As you open the door, it creaks loudly! 2 Ice Fiends come into view.
The Ice Fiend roars! x2
Found six items.
As you read the scroll of teleportation {@r4}, it crumbles to dust.
You feel strangely unstable.
The Ice Fiend calls on the powers of darkness!
Your body is wracked with pain!
Ouch! That really hurt!
* * * LOW HITPOINT WARNING * * *
The Ice Fiend calls on the powers of darkness!
Your body is wracked with pain!
* * * LOW HITPOINT WARNING * * *
The Ice Fiend gestures at you. The bolt of cold hits you! You resist.
* * * LOW HITPOINT WARNING * * *
You feel much better. The Ice Fiend gestures at you.
The bolt of cold hits the Ice Fiend.
The Ice Fiend completely resists.
The bolt of cold hits you!! You resist.
* * * LOW HITPOINT WARNING * * *
The Ice Fiend gestures at you. The bolt of cold hits you! You resist.
You die...

Skill      XL: |  1  2  3  4  5  6  7  8  9 10 11 12 13 14 15 16 17 18 |
---------------+-------------------------------------------------------+-----
Ranged Weapons | 1 2 3 4 6 8 9 10 11 13 14 15 16 | 16.6
Dodging        | 1 2 4 5 6 7 8 9 10 | 10.0
Stealth        | 4 5 6 7 8 9 10 | 10.0
Shields        | 3 4 |  4.0
Fighting       | 4 5 6 |  6.0
Spellcasting   | 2 4 5 6 7 8 9 10 | 10.1
Transmutations | 3 4 5 7 8 9 10 | 10.5
Throwing       | 3 4 6 |  6.0
Evocations     | 4 5 6 7 |  7.5
Hexes          | 1 4 5 6 |  6.1
Translocations | 1 4 5 6 |  6.1
Air Magic      | 2 5 6 7 |  7.3
Fire Magic     | 2 5 6 7 |  7.3
Ice Magic      | 3 5 |  5.7
Conjurations   | 1 |  1.3
Armour         | |  2.0

Action                     |  1- 3 |  4- 6 |  7- 9 | 10-12 | 13-15 | 16-18 || total
---------------------------+-------+-------+-------+-------+-------+-------++-------
  Melee: Dagger            |   155 |     6 |       |       |     1 |       ||   162
         Short sword       |       |    23 |    72 |       |       |       ||    95
         Unarmed           |       |       |       |       |       |     8 ||     8
   Fire: Sling             |       |   155 |    25 |       |       |       ||   180
         Longbow           |       |       |   154 |    52 |   508 |   882 ||  1596
         Shortbow          |       |       |       |   332 |   397 |       ||   729
   Cast: Wereblood         |       |       |       |     5 |    27 |    30 ||    62
         Portal Projectile |       |       |       |       |       |     1 ||     1
         Plasma Beam       |       |       |       |       |       |     4 ||     4
  Evoke: Wand              |       |       |       |       |     5 |     6 ||    11
         Lightning rod     |       |       |       |       |       |     4 ||     4
         Phial of floods   |       |       |       |       |       |     1 ||     1
    Use: Scroll            |       |     4 |     9 |     8 |    10 |    23 ||    54
         Potion            |       |       |       |     3 |     2 |     9 ||    14
   Stab: Sleeping          |     5 |     2 |       |       |     1 |       ||     8
         Distracted        |       |     1 |     1 |       |       |       ||     2
 Armour: Leather armour    |    73 |    15 |    22 |       |       |       ||   110
         Troll leather arm |       |       |     3 |    24 |    22 |     2 ||    51
         Ring mail         |       |       |       |       |       |    40 ||    40
  Dodge: Dodged            |    97 |    62 |   107 |   218 |   242 |   185 ||   911
  Block: Buckler           |    34 |    22 |    24 |       |       |       ||    80
         Other             |       |       |       |    11 |    50 |    56 ||   117
         Reflection        |       |       |       |       |    13 |     9 ||    22

Levels and vault maps discovered:
D:1:      heliophobic_arrival_battle_scene, layout_basic
D:2:      layout_basic
D:3:      layout_basic, serial_shops, shop, uniq_terence
D:4:      layout_loops_corners, nicolae_ossuary_entry_giza, uniq_natasha
D:5:      layout_basic, kennysheep_ying_yang, temple_doors_ab, interstate_on_off
D:6:      layout_layer_cave
D:7:      layout_rooms, serial_shops, nicolae_shop_mannequins
D:8:      layout_loops_ring, dpeg_lair_monsters, gammafunk_ghost_spectres,
          minmay_misc_feat_columns
D:9:      layout_roguey, doesnt_xom_only_xom, ashenzari_conservatory_becter,
          kennysheep_orc_monster_closet_entryway, abandoned_shop, uniq_erolcha,
          uniq_amaemon
D:10:     layout_layer_cave, mainiacjoe_overflow_24_doors,
          makhleb_altar_promises_db, enter_bailey_2, kennysheep_nondescript
D:11:     layout_rooms, fedhas_bush_and_centaur_altar, uniq_grum
D:12:     layout_roguey
D:13:     layout_long_grid, lightli_wizard_tower
D:14:     layout_irregular_city, grunt_vaults_entry_fortified, eino_curves_04,
          chequers_jeans, nicolae_shop_vocational
D:15:     grunt_enter_depths_hoard, layout_basic, roderic_lattice_a, uniq_kirke
Temple:   nicolae_temple_elliptical
Lair:1:   layout_small_grid, enter_volcano_4, uniq_joseph
Lair:2:   layout_loops_ring, infiniplex_staircase_pool_2, grunt_megastairs_1
Lair:3:   layout_chaotic_city, elwin_shoals_entry_stream,
          spider_nest_entry_webs, minivault_24, evilmike_ambush
          [evilmike_ambush_outer_basic, evilmike_ambush_inner_basic],
          infiniplex_staircase_pool
Lair:4:   layout_hall_layers, uniq_josephine
Lair:5:   evil_forest, layout_long_grid, minmay_slime_entry_oklob_open,
          serial_bayou_shore_b
Shoals:1: layout_shoals, gammafunk_ghost_wrathful_warriors
Shoals:2: layout_shoals, gammafunk_ghost_cemetery,
          portal_ice_cave_entry_pillars_four, abandoned_shop
Orc:1:    layout_caves, basic_altar, nicolae_shop_firing_range
Orc:2:    st_orc_open, layout_caves, basic_altar, statue_in_the_mist_lemuel,
          kennysheep_orc_chapel, uniq_rupert, uniq_saint_roka
Elf:1:    nicolae_elf_arrival_fired_up, layout_gridlike, serial_shops,
          nicolae_shop_waterfront, minmay_elf_sorcery
Depths:1: layout_gridlike, enter_ziggurat_a, hell_entry, serial_glass,
          glass_columns_b, glass_columns_b, grunt_ministairs_2, st_stairs_11,
          kilobyte_mutagenic_chamber, serial_bayou_shore_b, minmay_shoptagon
Depths:2: cheibrodos_birdhouse, layout_gridlike, pan_entry,
          grunt_decor_one_mirror, hell_entry, minivault_15, abandoned_shop,
          uniq_enchantress
Depths:3: minmay_expanding_squares, layout_cave_pools, abyss_entry_flame_altar,
          pf_hell_entry_tar_spiral, drop_trap, eino_tiny_chamber,
          infiniplex_staircase_spiral_double, uniq_frederick, uniq_josephina,
          uniq_parghit, uniq_margery
IceCv:    ice_cave_tombish

Notes
Turn   | Place    | Note
-------+----------+-------------------------------------------
     0 | D:1      | Jeffwins the Human Wanderer began the quest for the Orb.
     0 | D:1      | Jeffwins set off with the following items: a +0 dagger, a
                  | potion of attraction {!q}, a +0 helmet, a scroll of fear, a
                  | +0 leather armour, a +0 buckler of protection.
     0 | D:1      | Reached XP level 1. HP: 18/18 MP: 1/1
    77 | D:1      | Reached XP level 2. HP: 24/24 MP: 2/2
   117 | D:1      | Reached skill level 1 in Ranged Weapons
   395 | D:1      | Reached XP level 3. HP: 26/29 MP: 3/3
   868 | D:2      | Reached XP level 4. HP: 23/35 MP: 4/4
   994 | D:2      | Reached skill level 2 in Ranged Weapons
  1504 | D:3      | Noticed Terence
  1518 | D:3      | Killed Terence
  1582 | D:3      | Identified the +1 short sword "Boto Wimm" {spect, rN+ Str+3
                  | Dex+2}
  2058 | D:3      | Reached XP level 5. HP: 41/41 MP: 5/5
  2207 | D:3      | Found Taixai Zauss's Assorted Antiques.
  2231 | D:3      | Bought a scroll labelled GUECWU VEPUOMY for 32 gold pieces
  2231 | D:3      | Bought a grey potion for 28 gold pieces
  2231 | D:3      | Bought 2 fizzy white potions for 57 gold pieces
  2231 | D:3      | Bought a scroll labelled GUECWU VEPUOMY for 32 gold pieces
  2231 | D:3      | Bought a murky dark potion for 28 gold pieces
  2371 | D:4      | Noticed Natasha
  2381 | D:4      | Killed Natasha
  2382 | D:4      | Reached skill level 1 in Dodging
  2446 | D:4      | Reached skill level 3 in Ranged Weapons
  2446 | D:4      | Reached XP level 6. HP: 43/48 MP: 6/6
  2581 | D:4      | Noticed a water moccasin
  2590 | D:4      | Killed a water moccasin
  2591 | D:4      | Reached skill level 4 in Stealth
  2591 | D:4      | Reached skill level 3 in Shields
  2687 | D:4      | Noticed Natasha
  2690 | D:4      | Killed Natasha
  2691 | D:4      | Reached skill level 4 in Fighting
  2701 | D:4      | Found a sand-covered staircase.
  2757 | Ossuary  | Entered an ossuary
  2818 | Ossuary  | Reached skill level 2 in Dodging
  2899 | Ossuary  | Reached XP level 7. HP: 54/54 MP: 7/7
  2949 | Ossuary  | Reached skill level 4 in Ranged Weapons
  3649 | D:4      | Identified a scroll of acquirement
  3650 | D:4      | Acquired the scarf of Fierug {harm, rElec rN+ Dex+2}
  3682 | D:5      | Entered Level 5 of the Dungeon
  3704 | D:5      | Reached XP level 8. HP: 61/61 MP: 8/8
  3750 | D:5      | Reached skill level 5 in Ranged Weapons
  3750 | D:5      | Reached skill level 3 in Dodging
  3750 | D:5      | Reached skill level 4 in Shields
  3844 | D:5      | Found a staircase to the Ecumenical Temple.
  3858 | D:5      | Found a white marble altar of Elyvilon.
  3889 | Temple   | Entered the Ecumenical Temple
  4039 | Temple   | Became a worshipper of Vehumet
  4096 | D:5      | Reached skill level 5 in Stealth
  4366 | D:5      | Reached skill level 5 in Fighting
  4559 | D:5      | Found a basalt altar of Yredelemnul.
  4668 | D:6      | Reached skill level 6 in Ranged Weapons
  4668 | D:6      | Reached skill level 4 in Dodging
  4695 | D:6      | Reached XP level 9. HP: 68/68 MP: 9/9
  4888 | D:6      | Reached skill level 1 in Spellcasting
  5038 | D:7      | Reached * piety under Vehumet
  5038 | D:7      | Offered knowledge of Magic Dart by Vehumet.
  5039 | D:7      | Reached skill level 6 in Stealth
  5088 | D:7      | Reached skill level 7 in Ranged Weapons
  5100 | D:7      | Noticed a troll
  5111 | D:7      | HP: 1/68 [troll (20)]
  5117 | D:7      | Killed a troll
  5362 | D:7      | Reached skill level 2 in Spellcasting
  5439 | D:7      | You fall into a shaft and drop 1 floor!
  5445 | D:8      | Reached skill level 5 in Dodging
  5448 | D:8      | Noticed a komodo dragon
  5457 | D:8      | Killed a komodo dragon
  5463 | D:8      | Identified the +3 scale mail "Fott" {SInv}
  5485 | D:8      | Noticed a death yak
  5563 | D:7      | Reached skill level 8 in Ranged Weapons
  5563 | D:7      | Reached XP level 10. HP: 71/74 MP: 14/14
  5702 | D:7      | Identified the +7 mace "Xuantisela" {antimagic, Str+2}
  5712 | D:7      | Found Cotiakh's Book Shoppe.
  5713 | D:7      | Noticed a walking frostbound tome
  5713 | D:7      | Noticed a walking frostbound tome
  5721 | D:7      | Bought a book of Changes for 252 gold pieces
  5724 | D:7      | Learned a level 2 spell: Wereblood
  5817 | D:8      | Noticed a two-headed ogre
  5820 | D:8      | Killed a two-headed ogre
  5821 | D:8      | Reached skill level 7 in Stealth
  5821 | D:8      | Reached skill level 3 in Spellcasting
  5821 | D:8      | Reached skill level 1 in Transmutations
  5835 | D:8      | Offered knowledge of Momentum Strike by Vehumet.
  6055 | D:8      | Found a staircase to the Lair.
  6056 | D:8      | Reached ** piety under Vehumet
  6142 | D:8      | Noticed a death yak
  6464 | D:8      | Noticed a death yak
  6703 | D:9      | Identified the +7 shortbow of Roawkon {flame, Will+}
  6708 | D:9      | Found a broken altar of Ashenzari.
  7033 | D:9      | Reached skill level 2 in Transmutations
  7138 | D:9      | Reached skill level 6 in Dodging
  7160 | D:9      | Found a sparkling altar of Nemelex Xobeh.
  7160 | D:9      | Noticed Amaemon
  7241 | D:9      | Reached skill level 9 in Ranged Weapons
  7386 | D:9      | Noticed Erolcha
  7577 | D:9      | Found a staircase to the Orcish Mines.
  7589 | D:9      | Reached skill level 4 in Spellcasting
  7595 | D:9      | Offered knowledge of Scorch by Vehumet.
  7679 | D:9      | Reached *** piety under Vehumet
  7680 | D:9      | Reached skill level 3 in Transmutations
  7875 | D:9      | Noticed an orange demon
  7904 | D:9      | Killed an orange demon
  7905 | D:9      | Reached XP level 11. HP: 75/79 MP: 17/17
  7917 | D:9      | Killed Amaemon
  7918 | D:9      | Reached skill level 1 in Throwing
  7918 | D:9      | Reached skill level 8 in Stealth
  7943 | D:9      | Found a sparkling altar of Nemelex Xobeh.
  7943 | D:9      | Found a shimmering altar of Xom.
  7945 | D:9      | Found a white marble altar of Elyvilon.
  7945 | D:9      | Found a shimmering altar of Xom.
  7945 | D:9      | Found a shadowy altar of Dithmenos.
  7984 | D:10     | Entered Level 10 of the Dungeon
  8124 | D:10     | Reached skill level 10 in Ranged Weapons
  8130 | D:10     | Reached skill level 2 in Throwing
  8141 | D:10     | Reached skill level 7 in Dodging
  8141 | D:10     | Reached skill level 4 in Transmutations
  8153 | D:10     | Found a flagged portal.
  8166 | D:10     | Offered knowledge of Dazzling Flash by Vehumet.
  8183 | Bailey   | Entered a bailey
  8305 | Bailey   | Noticed an orc knight
  8320 | Bailey   | Killed an orc knight
  8688 | D:10     | Noticed a two-headed ogre
  8695 | D:10     | Killed a two-headed ogre
  8696 | D:10     | Reached skill level 5 in Spellcasting
  8885 | D:10     | Reached **** piety under Vehumet
  9098 | D:10     | Offered knowledge of Iskenderun's Mystic Blast by Vehumet.
  9137 | D:10     | Found a glowing golden altar of the Shining One.
  9509 | D:10     | Found a burning altar of Makhleb.
  9564 | D:10     | Noticed an Executioner
  9947 | D:11     | Noticed a manticore
  9952 | D:11     | Killed a manticore
  9984 | D:11     | Reached skill level 3 in Throwing
  9997 | D:11     | Noticed a two-headed ogre
 10113 | D:11     | Killed a two-headed ogre
 10114 | D:11     | Reached XP level 12. HP: 86/86 MP: 20/20
 10194 | D:11     | Found a blossoming altar of Fedhas.
 10195 | D:11     | Noticed Grum
 10201 | D:11     | Killed Grum
 10220 | D:11     | Identified a potion of experience
 10221 | D:11     | Reached skill level 11 in Ranged Weapons
 10221 | D:11     | Reached skill level 4 in Throwing
 10221 | D:11     | Reached skill level 8 in Dodging
 10221 | D:11     | Reached skill level 9 in Stealth
 10221 | D:11     | Reached skill level 6 in Spellcasting
 10221 | D:11     | Reached skill level 5 in Transmutations
 10221 | D:11     | Reached XP level 13. HP: 91/91 MP: 20/22
 10501 | D:12     | Reached skill level 6 in Transmutations
 10782 | D:12     | Reached skill level 12 in Ranged Weapons
 10782 | D:12     | Reached skill level 5 in Throwing
 10993 | D:13     | Noticed a centaur warrior
 11228 | D:13     | HP: 3/91 [centaur warrior/arrow (22)]
 11230 | D:13     | Killed a centaur warrior
 11388 | D:13     | Noticed a catoblepas
 11409 | D:13     | Killed a catoblepas
 11444 | D:13     | Reached skill level 10 in Stealth
 11445 | D:13     | Reached ***** piety under Vehumet
 11658 | D:13     | Offered knowledge of Starburst by Vehumet.
 11704 | D:13     | Noticed a centaur warrior
 11895 | D:13     | Reached skill level 7 in Spellcasting
 11898 | D:13     | Killed a centaur warrior
 12119 | D:12     | Reached skill level 9 in Dodging
 12261 | D:8      | Found a runed translucent gate.
 12261 | D:8      | Found a runed translucent gate.
 12261 | D:8      | Found a runed translucent gate.
 12262 | D:8      | Noticed turdburglar's ghost (novice KoEn)
 12279 | D:8      | Killed turdburglar's ghost
 12280 | D:8      | Reached skill level 7 in Transmutations
 12292 | D:8      | Reached skill level 6 in Throwing
 12458 | Lair:1   | Entered Level 1 of the Lair of Beasts
 12608 | Lair:1   | Found a dark tunnel.
 12618 | Volcano  | Entered a volcano
 12719 | Volcano  | Reached skill level 13 in Ranged Weapons
 12807 | Volcano  | HP: 1/91 [molten gargoyle/bolt of magma (19)]
 12854 | Volcano  | HP: 4/91 [molten gargoyle/bolt of magma (25)]
 12857 | Volcano  | Reached XP level 14. HP: 7/98 MP: 25/25
 13058 | Lair:1   | Reached skill level 1 in Evocations
 13103 | Lair:1   | Noticed Joseph
 13115 | Lair:1   | Killed Joseph
 13338 | Lair:1   | Reached skill level 2 in Evocations
 14088 | Lair:2   | Reached skill level 8 in Spellcasting
 14103 | Lair:2   | Reached skill level 3 in Evocations
 14106 | Lair:2   | Reached skill level 8 in Transmutations
 14108 | Lair:2   | Acquired the +8 longbow "Zephyr" {speed, Dex+3 SInv}
 14108 | Lair:2   | Found the +8 longbow "Zephyr" {speed, Dex+3 SInv}
 14410 | Lair:2   | Offered knowledge of Olgreb's Toxic Radiance by Vehumet.
 14411 | Lair:2   | Reached skill level 14 in Ranged Weapons
 14425 | Lair:2   | Learned a level 4 spell: Olgreb's Toxic Radiance
 14708 | Lair:3   | Reached skill level 10 in Dodging
 14790 | Lair:3   | Found a staircase to the Shoals.
 14891 | Lair:3   | Learned a level 3 spell: Portal Projectile
 15031 | Lair:3   | Reached skill level 4 in Evocations
 15050 | Lair:3   | Found a hole to the Spider Nest.
 15561 | Lair:4   | Reached skill level 1 in Hexes
 15603 | Lair:4   | Reached skill level 1 in Translocations
 15972 | Lair:4   | Noticed Josephine
 15987 | Lair:4   | Killed Josephine
 16063 | Lair:4   | Reached XP level 15. HP: 103/103 MP: 27/27
 16338 | Lair:5   | Entered Level 5 of the Lair of Beasts
 16386 | Lair:5   | Reached skill level 2 in Hexes
 16420 | Lair:5   | Reached skill level 2 in Translocations
 16617 | Lair:5   | Reached skill level 9 in Transmutations
 16617 | Lair:5   | Reached skill level 5 in Evocations
 16633 | Lair:5   | Found a staircase to the Slime Pits.
 16633 | Lair:5   | Found a viscous altar of Jiyva.
 16652 | Lair:5   | Reached skill level 3 in Hexes
 16749 | Lair:5   | Reached skill level 3 in Translocations
 16814 | Lair:5   | Reached skill level 9 in Spellcasting
 16838 | Lair:5   | Reached skill level 15 in Ranged Weapons
 16972 | Lair:5   | Learned a level 6 spell: Plasma Beam
 17155 | Lair:5   | Reached skill level 1 in Air Magic
 17159 | Lair:5   | Found a burning altar of Makhleb.
 17162 | Lair:5   | Reached skill level 1 in Fire Magic
 17187 | Lair:5   | Found a gateway to Hell.
 17709 | Orc:1    | Entered Level 1 of the Orcish Mines
 17709 | Orc:1    | Found Notoe's Firing Range.
 17749 | Orc:1    | Bought a +0 triple crossbow for 160 gold pieces
 17773 | Orc:1    | You fall into a shaft and drop 1 floor!
 17773 | Orc:2    | Entered Level 2 of the Orcish Mines
 17826 | Orc:2    | Noticed Saint Roka
 17828 | Orc:2    | Reached skill level 2 in Fire Magic
 17863 | Orc:2    | Killed Saint Roka
 17864 | Orc:2    | Reached skill level 2 in Air Magic
 17874 | Orc:2    | Reached skill level 4 in Hexes
 18078 | Orc:1    | Reached skill level 4 in Translocations
 18090 | Orc:1    | Offered knowledge of Ozocubu's Refrigeration by Vehumet.
 18123 | Orc:1    | Found a burning altar of Makhleb.
 18322 | Orc:2    | Reached XP level 16. HP: 109/109 MP: 29/29
 18449 | Orc:2    | Reached skill level 3 in Fire Magic
 18684 | Orc:2    | Reached skill level 3 in Air Magic
 18702 | Orc:2    | Noticed Rupert
 18710 | Orc:2    | Reached ****** piety under Vehumet
 18718 | Orc:2    | Reached skill level 6 in Evocations
 18770 | Orc:2    | Found Regoc's General Store.
 18946 | Orc:2    | Killed Rupert
 18956 | Orc:2    | Reached skill level 4 in Air Magic
 18962 | Orc:2    | Reached skill level 4 in Fire Magic
 18971 | Orc:2    | Found Wuhill's Antique Weapon Boutique.
 18973 | Orc:2    | Found Dojie's Armour Shoppe.
 18987 | Orc:2    | Found Hejif's Assorted Antiques.
 18995 | Orc:2    | Bought 2 scrolls of teleportation for 96 gold pieces
 18995 | Orc:2    | Bought the +3 ring mail of the Depths {Regen+} for 416 gold
                  | pieces
 18995 | Orc:2    | Bought a scroll of identify for 32 gold pieces
 19001 | Orc:2    | Bought a scroll labelled WYSEIR ENNESS for 28 gold pieces
 19001 | Orc:2    | Bought a scroll labelled WYSEIR ENNESS for 28 gold pieces
 19001 | Orc:2    | Bought a scroll of teleportation for 84 gold pieces
 19001 | Orc:2    | Bought a glowing helmet for 210 gold pieces
 19021 | Orc:2    | Learned a level 7 spell: Ozocubu's Refrigeration
 19066 | Orc:2    | Found a staircase to the Elven Halls.
 19170 | Elf:1    | Entered Level 1 of the Elven Halls
 19179 | Elf:1    | HP: 10/109 [burnt (8)]
 19180 | Orc:2    | HP: 2/109 [burnt (10)]
 19466 | D:14     | Found Ciatwax's Vocational Training.
 19522 | D:14     | Offered knowledge of Eringya's Noxious Bog by Vehumet.
 19605 | D:14     | Reached skill level 1 in Ice Magic
 20087 | D:14     | Reached skill level 2 in Ice Magic
 20155 | D:14     | Found a gate to the Vaults.
 20170 | D:14     | Reached skill level 5 in Hexes
 20178 | D:14     | Reached skill level 5 in Air Magic
 20274 | D:14     | Reached skill level 5 in Fire Magic
 20304 | D:15     | Entered Level 15 of the Dungeon
 20304 | D:15     | Noticed Kirke
 20644 | D:14     | Killed Kirke
 20645 | D:14     | Reached skill level 5 in Translocations
 21131 | D:15     | Reached skill level 3 in Ice Magic
 21131 | D:15     | Reached XP level 17. HP: 115/115 MP: 30/30
 21340 | D:15     | Reached skill level 16 in Ranged Weapons
 21379 | D:15     | Found a staircase to the Depths.
 21514 | Depths:1 | Entered Level 1 of the Depths
 21514 | Depths:1 | You fall into a shaft and drop 1 floor!
 21564 | Depths:2 | Reached skill level 10 in Transmutations
 21624 | Depths:2 | Noticed a lich
 21639 | Depths:2 | Killed a lich
 21792 | Depths:2 | Reached skill level 6 in Fire Magic
 21792 | Depths:2 | Reached skill level 4 in Ice Magic
 21813 | Depths:2 | Reached skill level 6 in Air Magic
 21828 | Depths:2 | HP: 7/115 [emperor scorpion (glowing shapeshifter) (22)]
 21847 | Depths:2 | Noticed a sphinx
 21849 | Depths:2 | Noticed a tengu reaver
 22018 | Depths:2 | Reached skill level 7 in Evocations
 22105 | Depths:2 | Noticed a tengu reaver
 22141 | Depths:2 | Killed a tengu reaver
 22457 | Depths:1 | Reached skill level 10 in Spellcasting
 22467 | Depths:1 | Reached skill level 5 in Ice Magic
 22739 | Shoals:1 | Entered Level 1 of the Shoals
 22827 | Shoals:1 | Found a transporter.
 22911 | Shoals:1 | Offered knowledge of Freezing Cloud by Vehumet.
 22928 | Shoals:1 | Reached skill level 6 in Hexes
 22928 | Shoals:1 | Reached XP level 18. HP: 123/123 MP: 32/32
 23015 | Shoals:1 | Reached skill level 7 in Air Magic
 23034 | Shoals:1 | Reached skill level 7 in Fire Magic
 23052 | Shoals:1 | Reached skill level 6 in Translocations
 23166 | Shoals:1 | Found a transporter.
 23174 | Shoals:1 | Found a bloodstained altar of Trog.
 23174 | Shoals:1 | Noticed Coelen's ghost (journeyman MeWn)
 23174 | Shoals:1 | Identified the amulet "Tuetya" {Faith Drain rF+ rCorr}
 23258 | Shoals:1 | Noticed a kraken
 23277 | Shoals:1 | Killed a kraken
 23442 | Shoals:1 | Learned a level 5 spell: Freezing Cloud
 23562 | Shoals:1 | HP: 2/123 [Coelen's ghost/the air (26)]
 23720 | Shoals:2 | Found a frozen archway.
 23736 | IceCv    | Entered an ice cave
 23859 | IceCv    | Reached skill level 1 in Conjurations
 23908 | IceCv    | Reached skill level 6 in Fighting
 24126 | IceCv    | Noticed an Ice Fiend
 24126 | IceCv    | Noticed an Ice Fiend
 24129 | IceCv    | HP: 4/123 [Ice Fiend/bolt of cold (31)]
 24129 | IceCv    | Killed from afar by an Ice Fiend

Vanquished Creatures
  Saint Roka (Orc:2)
  Rupert (Orc:2)
  A lich (Depths:2)
  A kraken (Shoals:1)
  Kirke (D:14)
  A tengu reaver (Depths:2)
  2 fire giants (Depths:2)
  2 stone giants
  3 spark wasps (Depths:1)
  A dire elephant (Lair:5)
  An ettin (Depths:1)
  3 merfolk impalers (Shoals:1)
  Josephine (Lair:4)
  6 hydras
  3 fire dragons
  4 vault guards (D:14)
  A catoblepas (D:13)
  2 ogre magi (Orc:2)
  5 centaur warriors
  An ice dragon (D:15)
  A merfolk avatar (Shoals:1)
  4 caustic shrike simulacra (IceCv)
  3 deep troll shamans
  A boulder beetle (D:12)
  4 deep troll earth magi (Depths:2)
  15 two-headed ogres
  7 tengu warriors
  An orc high priest (Orc:2)
  A death yak (D:8)
  5 hell knights (Depths:1)
  The ghost of turdburglar the Covert, a novice KoEn of Uskayaw (D:8)
  Amaemon (D:9)
  An iron troll (Depths:1)
  3 skysharks
  A sixfirhy (Lair:5)
  A sea snake (Shoals:1)
  14 deep trolls
  2 obsidian statues (IceCv)
  A bog body (IceCv)
  A spriggan simulacrum (IceCv)
  3 wizards
  3 lindwurms
  6 harpies (Shoals:1)
  2 orc knights
  4 fauns (Shoals:1)
  3 deep elf pyromancers
  4 orc sorcerers
  2 oklob plants (Lair:5)
  18 ugly things
  3 cyclopes
  6 manticores
  24 elephants
  Joseph (Lair:1)
  3 black mambas
  A toenail golem (Volcano)
  6 merfolk sirens
  8 cane toads
  5 molten gargoyles (Volcano)
  A gargoyle (D:11)
  A smoke demon (Lair:5)
  3 efreet
  An orange demon (D:9)
  An unseen horror (D:10)
  11 komodo dragons
  2 anaconda simulacra (IceCv)
  A yaktaur (D:14)
  3 tengu conjurers
  A golden dragon simulacrum (IceCv)
  4 ice devils
  2 rime drakes
  3 red devils (Lair:5)
  3 freezing wraiths (IceCv)
  3 merfolk
  A queen bee (shapeshifter) (D:12)
  18 trolls
  A wind drake (Shoals:1)
  A dream sheep (Lair:5)
  4 snapping turtles (Shoals:1)
  25 blink frogs
  10 slime creatures
  34 yaks
  A centaur simulacrum (D:14)
  10 wraiths
  A dire elephant simulacrum (IceCv)
  A water elemental (Depths:2)
  A shadow (D:8)
  4 basilisks
  Grum (D:11)
  A human (D:14)
  3 fire elementals (Volcano)
  A steam dragon (Lair:2)
  7 wargs (Orc:2)
  5 vampire mosquitoes
  2 hydra simulacra (IceCv)
  2 acid dragons
  12 water moccasins
  5 hell hounds (Lair:5)
  2 black bears
  3 ettin simulacra (IceCv)
  17 orc warriors
  20 wolves
  26 ogres
  13 centaurs
  3 phantoms
  6 bullfrogs
  4 kobold brigands
  2 elf zombies (Ossuary)
  5 scorpions
  7 gnoll sergeants
  A deep troll simulacrum (IceCv)
  3 wights (D:9)
  13 killer bees
  A crimson imp (D:13)
  4 howler monkeys
  2 centaur zombies (Ossuary)
  4 jellies
  12 orc priests
  4 hounds (D:5)
  A human zombie (Ossuary)
  4 iguanas
  Terence (D:3)
  3 sleepcaps
  Natasha (twice) (D:4)
  12 orc wizards
  9 hell rats
  3 mummies
  22 gnolls
  6 adders
  A river rat (D:8)
  A shadow imp (D:5)
  A white imp (D:8)
  An ufetubus (D:6)
  An adder zombie (Ossuary)
  3 dart slugs (D:1)
  79 orcs
  9 endoplasms
  3 giant cockroaches
  7 goblins
  5 hobgoblins
  4 jackals
  15 kobolds
  8 quokkas
  3 training dummies (Orc:1)
  5 ball pythons
  5 bats
  2 frilled lizards (D:3)
  4 goblin zombies
  14 hobgoblin zombies
  A jackal zombie (Ossuary)
  9 kobold zombies (Ossuary)
  3 orc zombies (Ossuary)
  6 rats
  A rat zombie (Ossuary)
  A fire vortex (Volcano)
809 creatures vanquished.

Vanquished Creatures (others)
  4 humans (D:15)
  3 fungi
  9 plants
  4 tentacles (Shoals:1)
  2 withered plants (Shoals:2)
22 creatures vanquished.

Grand Total: 831 creatures vanquished

Table legend: (Time is in decaauts)
 A = Elapsed time spent in this place.
 B = Non-inter-level travel time spent in this place.
 C = Inter-level travel time spent in this place.
 D = Time resting spent in this place.
 E = Time spent auto-exploring this place.
 F = Levels seen in this place.
 G = Mean time per level.
                   A        B        C        D        E       F      G
               +--------+--------+--------+--------+--------+-----+--------+
         Total |  23756 |  21956 |   1800 |   2590 |  14317 |  33 |  719.9 |
       Dungeon |  13930 |  12730 |   1200 |   1529 |   8526 |  15 |  928.7 |
        Temple |    162 |    138 |     24 |      0 |    121 |   1 |  162.0 |
          Lair |   4733 |   4420 |    313 |     40 |   3591 |   5 |  946.6 |
        Shoals |   1008 |    882 |    126 |     85 |    599 |   2 |  504.0 |
  Orcish Mines |   1482 |   1353 |    129 |    113 |    905 |   2 |  741.0 |
   Elven Halls |      7 |      7 |      0 |      0 |      0 |   1 |    7.0 |
        Depths |    851 |    844 |      7 |    375 |    143 |   3 |  283.7 |
       Ossuary |    477 |    477 |      0 |      0 |    203 |   1 |  477.0 |
        Bailey |    377 |    377 |      0 |    100 |    187 |   1 |  377.0 |
      Ice Cave |    359 |    359 |      0 |    162 |     40 |   1 |  359.0 |
       Volcano |    364 |    364 |      0 |    184 |      2 |   1 |  364.0 |
               +--------+--------+--------+--------+--------+-----+--------+

Top non-repeatable levels by time:
    D:10: 1552 daAuts
     D:9: 1371 daAuts
     D:8: 1342 daAuts
  Lair:5: 1157 daAuts
    D:14: 1153 daAuts
  Lair:1: 1079 daAuts
   Orc:2: 1065 daAuts
Shoals:1: 964 daAuts
     D:4: 930 daAuts
    D:12: 914 daAuts
    D:15: 889 daAuts
  Lair:4: 878 daAuts
    D:13: 871 daAuts
  Lair:2: 852 daAuts
     D:1: 845 daAuts

Table legend:
 A = Non-vault XP
 B = Vault XP
 C = Vault XP percentage of total XP
 D = Non-vault monster count
 E = Vault monster count
 F = Vault count percentage of total count
                 A         B        C        D         E       F
            +---------+---------+-------+---------+---------+-------
      Total |  136941 |   75362 |  35.5 |     543 |     265 |  32.8
            +---------+---------+-------+---------+---------+-------
        D:1 |      52 |       0 |   0.0 |      27 |       0 |   0.0
        D:2 |      28 |       0 |   0.0 |       9 |       0 |   0.0
        D:3 |      30 |      36 |  54.5 |      17 |       1 |   5.6
        D:4 |     300 |      55 |  15.5 |      11 |       4 |  26.7
        D:5 |     746 |       0 |   0.0 |      18 |       0 |   0.0
        D:6 |     698 |       0 |   0.0 |       8 |       0 |   0.0
        D:7 |     957 |       0 |   0.0 |      23 |       0 |   0.0
        D:8 |    1713 |    2061 |  54.6 |       9 |      12 |  57.1
        D:9 |    1081 |    2634 |  70.9 |      22 |      22 |  50.0
       D:10 |    3741 |       0 |   0.0 |      27 |       0 |   0.0
       D:11 |    2732 |     534 |  16.4 |      22 |       4 |  15.4
       D:12 |    4165 |       0 |   0.0 |      18 |       0 |   0.0
       D:13 |    6740 |     693 |   9.3 |      17 |       2 |  10.5
       D:14 |   10408 |    7347 |  41.4 |      27 |      11 |  28.9
       D:15 |    7276 |    1725 |  19.2 |      16 |       2 |  11.1
     Lair:1 |    6447 |     481 |   6.9 |      28 |       1 |   3.4
     Lair:2 |    7841 |     716 |   8.4 |      23 |       2 |   8.0
     Lair:3 |    4772 |    1932 |  28.8 |      26 |       5 |  16.1
     Lair:4 |    3200 |    1924 |  37.5 |      13 |       6 |  31.6
     Lair:5 |   14627 |   10795 |  42.5 |      41 |      28 |  40.6
   Shoals:1 |   15507 |     896 |   5.5 |      26 |       1 |   3.7
   Shoals:2 |    1482 |       0 |   0.0 |       3 |       0 |   0.0
      Orc:1 |    3567 |       6 |   0.2 |      32 |       3 |   8.6
      Orc:2 |    3099 |   22530 |  87.9 |      35 |      59 |  62.8
   Depths:1 |   14627 |    2067 |  12.4 |      18 |       3 |  14.3
   Depths:2 |   21105 |    3046 |  12.6 |      27 |       3 |  10.0
    Ossuary |       0 |     396 | 100.0 |       0 |      38 | 100.0
     Bailey |       0 |     779 | 100.0 |       0 |      23 | 100.0
      IceCv |       0 |    9793 | 100.0 |       0 |      23 | 100.0
    Volcano |       0 |    4916 | 100.0 |       0 |      12 | 100.0
            +---------+---------+-------+---------+---------+-------
